 Dungeon Crawl Stone Soup version 0.20.0-10-g0535bb4 (webtiles) character file.

3619 puppykicker the Carver (level 9, -2/53 (54) HPs)
             Began as a Vampire Skald on June 5, 2017.
             Was a Follower of Hepliaklqana.
             Slain by a two-headed ogre
             ... wielding a +0 giant spiked club
              (10 damage)
             ... on level 9 of the Dungeon.
             The game lasted 00:42:10 (10514 turns).

puppykicker the Carver (Vampire Skald)             Turns: 10514, Time: 00:42:11

HP:   -2/53 (54)    AC:  9    Str: 13    XL:     9   Next: 86%
MP:   0/12          EV: 13    Int: 15    God:    Hepliaklqana [*.....]
Gold: 459           SH:  0    Dex: 16    Spells: 1/12 levels left

rFire    + . .     SeeInvis +   a - +0 scimitar
rCold    + . .     Gourm    .   (no shield)
rNeg     + . .     Faith    .   J - +0 robe {rC+ rF+}
rPois    .         Spirit   +   z - +0 helmet
rElec    .         Reflect  .   s - +2 cloak {+Inv}
rCorr    +         Harm     .   (no gloves)
MR       .....                  (no boots)
Stlth    +++.......             n - amulet of guardian spirit
Regen    0.2/turn               j - ring of resist corrosion
MPRegen  0.2/turn               y - +1 ring of protection

@: very slightly contaminated
A: reduced essence, fangs 3, slimy green scales 1, see invisible, agile 1,
unbreathing
a: Bat Form, Recall Ancestor, Ancestor Identity, Renounce Religion, Evoke
Invisibility


You were on level 9 of the Dungeon.
You worshipped Hepliaklqana.
Hepliaklqana was aware of your devotion.
You were not thirsty.

You visited 2 branches of the dungeon, and saw 10 of its levels.

You collected 459 gold pieces.


Innate Abilities, Weirdness & Mutations

You have razor-sharp teeth.
You have supernaturally acute eyesight. (SInv)
You can survive without breathing.
Your life essence is reduced. (-10% HP)
You are partially covered in slimy green scales. (AC +2)
You are agile. (Dex +2)


   Skills:
 - Level 1.7 Fighting
 + Level 10.0 Long Blades
 - Level 2.1 Armour
 - Level 2.1 Dodging
 - Level 6.7 Stealth
 - Level 2.0 Spellcasting
 + Level 5.9 Hexes
 - Level 4.0 Charms
 - Level 2.0 Necromancy
 - Level 0.1 Translocations
 - Level 2.1 Air Magic
 - Level 3.2 Invocations
 + Level 4.7 Evocations


You had one spell level left.
You knew the following spells:

 Your Spells              Type           Power        Failure   Level  Hunger
a - Confuse               Hex            ###.....     6%          3    ###....
k - Shroud of Golubria    Chrm/Tloc      #.........   14%         2    ###....
m - Swiftness             Chrm/Air       ##......     10%         2    ###....
r - Regeneration          Chrm/Necr      ##........   19%         3    ###....
s - Infusion              Chrm           ##..         4%          1    #......

Inventory:

Hand Weapons
 a - a +0 scimitar (weapon)
 b - the +7 spear of the Philosopher {pierce, rN++ Int-4 Dex+4}
   (You found it on level 5 of the Dungeon)

   It inflicts extra damage upon your enemies.
   It affects your intelligence (-4).
   It affects your dexterity (+4).
   It greatly protects you from negative energy.
 c - a +0 dagger
 d - a +1 whip of electrocution
 e - a +1 whip of draining
 N - the +5 arbalest "Uraaworo" {freeze, +Inv rC+ MR-}
   (You found it on level 7 of the Dungeon)

   It causes projectiles fired from it to freeze those they strike, causing
   extra injury to most foes and up to half again as much damage against
   particularly susceptible opponents.
   They can also slow down cold-blooded creatures.
   It protects you from cold.
   It affects your resistance to hostile enchantments.
   It lets you turn invisible.
Missiles
 k - a javelin of penetration (quivered)
 m - 94 bolts
Armour
 r - +0 shadow dragon scales
 s - a +2 cloak of invisibility (worn)
 v - a scarf of cloud immunity
 z - a +0 helmet (worn)
 J - a +0 robe of resistance (worn)
 K - a +0 robe of magic resistance
Jewellery
 j - a ring of resist corrosion (left hand)
 n - an amulet of guardian spirit (around neck)
 y - a +1 ring of protection (right hand)
 P - an uncursed amulet of magic regeneration
Wands
 D - a wand of flame (13/48)
Scrolls
 f - a scroll of fog
 g - a scroll of enchant weapon
 h - 2 scrolls of random uselessness {unknown}
 i - 4 scrolls of remove curse
 l - a scroll of fear
 p - a scroll of enchant armour
 C - a scroll of blinking
 H - a scroll of amnesia {unknown}
 L - a scroll of teleportation
 O - 2 scrolls of magic mapping
Potions
 o - 2 potions of heal wounds
 t - 2 potions of might
 w - 11 potions of blood
 x - a potion of ambrosia
 A - a potion of cancellation
 B - 3 potions of curing
 F - a potion of flight {unknown}
 I - a potion of haste
Books
 q - a book of Battle
 u - a book of Air
 E - a book of Misfortune
 M - a book of Flames

Dungeon Overview and Level Annotations

Branches:
Dungeon (9/15)             Temple (1/1) D:5
   Lair: D:8-11         Orc: D:9-12

Altars:
Ashenzari
Cheibriados
Dithmenos
Elyvilon
Fedhas
Gozag
Hepliaklqana
Makhleb
Nemelex Xobeh
Okawaru
Qazlal
Ru
Sif Muna
Trog
Uskayaw
Vehumet
Xom
Yredelemnul
Zin
The Shining One

Annotations:
D:2 yuif

######## .......#
>......#
###############
.......#
#.............#
...(...#
#####.[@......y..(##..#
#.............#
........y.##
#.............#
...y..y####
#.............#
########
#)...(........#
##########.#### [#


You could see the friendly your gay dad the ancestor, a two-headed ogre and a
yak.


Message History

You slash the bullfrog!
The bullfrog is severely wounded.
The bullfrog closely misses you.
Your gay dad hits the bullfrog!
The bullfrog dies!
The orc drinks a potion.
The orc seems to speed up.
Your gay dad hits the orc.
You hit the two-headed ogre.
The two-headed ogre is heavily wounded.
The orc misses you.
You slash the two-headed ogre!
The two-headed ogre is severely wounded.
Your gay dad hits the orc.
The orc barely misses you.
You hit the orc.
You kill the orc!
You hit the two-headed ogre.
The two-headed ogre is almost dead.
The two-headed ogre seems less confused.
The two-headed ogre hits you with a giant spiked club!
The two-headed ogre hits you with a giant club!
* * * LOW HITPOINT WARNING * * *
The yak bellows!
You hit the two-headed ogre.
The two-headed ogre is almost dead.
Your gay dad hits the two-headed ogre.
You hit the two-headed ogre.
The two-headed ogre is almost dead.
The two-headed ogre hits you with a giant spiked club!!
* * * LOW HITPOINT WARNING * * *
The two-headed ogre hits you with a giant club!
You die...

Action                   |  1- 3 |  4- 6 |  7- 9 || total
-------------------------+-------+-------+-------++-------
Melee: Falchion          |   100 |   123 |   198 ||   421
       Bite              |     3 |    21 |    55 ||    79
       Whip              |       |    15 |       ||    15
       Spear             |       |       |   185 ||   185
       Dagger            |       |       |     3 ||     3
       Scimitar          |       |       |    86 ||    86
Throw: Javelin           |       |       |     4 ||     4
 Cast: Shroud of Golubri |     7 |     4 |     2 ||    13
       Regeneration      |       |       |     2 ||     2
       Confuse           |       |       |     2 ||     2
Invok: Ancestor Identity |       |       |     1 ||     1
 Abil: Evoke Invisibilit |       |     5 |    14 ||    19
Evoke: Wand              |       |       |     1 ||     1
  Use: Potion            |    13 |     9 |    34 ||    56
       Scroll            |     4 |     3 |    14 ||    21
 Stab: Sleeping          |     1 |       |    19 ||    20
       Invisible         |       |     6 |    32 ||    38
Armor: Leather armour    |    25 |    44 |    76 ||   145
       Skin              |    20 |       |    33 ||    53
       Robe              |       |       |    41 ||    41
Dodge: Dodged            |    63 |   102 |   244 ||   409
       Rpst.: Falchion   |    22 |    37 |    39 ||    98
       Scimitar          |       |       |     8 ||     8

Vault maps used:
D:1:      minmay_arrival_four_houses, nrook_mini_backslash
D:2:      uniq_crazy_yiuf_cottage, uniq_jessica
D:3:      kb_forest_paths, minitemple, uniq_sigmund, uniq_purgy, uniq_grinder,
          uniq_terence
D:4:      vehumet_altar_wand_db, kennysheep_little_box, minmay_misc_feat_room,
          minmay_misc_feat_enclosed
D:5:      minmay_temple_entry_fiery, first_bread
D:7:      marbit_many_paths, the_bakery
D:8:      minivault_19
D:9:      kiku_gazebo_pond_becter, grunt_lair_entry_orc_guard_hut, basic_altar
Temple:   zaba_magenta_temple

Notes
Turn   | Place    | Note
-------+----------+-------------------------------------------
     0 | D:1      | puppykicker the Vampire Skald began the quest for the Orb.
     0 | D:1      | Reached XP level 1. HP: 16/16 MP: 3/3
   247 | D:1      | Reached XP level 2. HP: 11/22 MP: 5/5
   251 | D:1      | Learned a level 2 spell: Shroud of Golubria
   482 | D:1      | Reached skill level 3 in Long Blades
  1269 | D:2      | Found a runed door.
  1333 | D:2      | Reached XP level 3. HP: 20/27 MP: 6/6
  1543 | D:2      | Noticed Jessica
  1561 | D:2      | Killed Jessica
  1561 | D:2      | Reached skill level 4 in Long Blades
  1734 | D:2      | Gained mutation: You are agile. (Dex +2) [potion of mutation]
  1734 | D:2      | Gained mutation: You are partially covered in slimy green scales. (AC +2) [potion of mutation]
  1739 | D:2      | Learned a level 3 spell: Regeneration
  1774 | D:2      | Reached XP level 4. HP: 33/33 MP: 7/7
  2054 | D:3      | Noticed Sigmund
  2054 | D:3      | Noticed Terence
  2103 | D:3      | Noticed Purgy
  2304 | D:2      | Noticed Crazy Yiuf
  2307 | D:2      | HP: 2/33 [Crazy Yiuf/quarterstaff of chaos (11)]
  2321 | D:2      | Killed Crazy Yiuf
  2716 | D:3      | Found a shattered altar of Ashenzari.
  2723 | D:3      | Found a stormy altar of Qazlal.
  2724 | D:3      | Found a shadowy altar of Dithmenos.
  3417 | D:3      | Killed Sigmund
  3417 | D:3      | Reached skill level 6 in Long Blades
  3417 | D:3      | Reached XP level 5. HP: 32/38 MP: 6/8
  3417 | D:3      | Reached XP level 6. HP: 37/44 MP: 6/9
  3635 | D:3      | Noticed Grinder
  3645 | D:3      | Paralysed by Grinder for 5 turns
  3663 | D:3      | Paralysed by Grinder for 5 turns
  3954 | D:3      | Paralysed by Grinder for 5 turns
  3961 | D:3      | Killed Grinder
  3961 | D:3      | Reached skill level 7 in Long Blades
  4054 | D:3      | Killed Terence
  4169 | D:3      | Reached XP level 7. HP: 44/49 MP: 10/10
  4736 | D:3      | Killed Purgy
  4736 | D:3      | Reached skill level 8 in Long Blades
  4829 | D:3      | Learned a level 2 spell: Swiftness
  5546 | D:4      | Reached skill level 1 in Necromancy
  5557 | D:4      | Found a radiant altar of Vehumet.
  5568 | D:4      | Reached skill level 1 in Air Magic
  5997 | D:4      | Found a snail-covered altar of Cheibriados.
  6058 | D:4      | Reached skill level 1 in Stealth
  6058 | D:4      | Reached skill level 1 in Evocations
  6128 | D:5      | Entered Level 5 of the Dungeon
  6331 | D:5      | Got a scorched scale mail
  6441 | D:5      | Identified the cursed +0 scale mail of Panentheism {Dex+3} (You found it on level 5 of the Dungeon)
  6578 | D:5      | Got an iridescent spear
  6579 | D:5      | Identified the +7 spear of the Philosopher {pierce, rN++ Int-4 Dex+4} (You found it on level 5 of the Dungeon)
  6629 | D:5      | Reached skill level 2 in Necromancy
  6795 | D:5      | Reached skill level 2 in Stealth
  6795 | D:5      | Reached skill level 2 in Air Magic
  6795 | D:5      | Reached XP level 8. HP: 53/55 MP: 11/11
  6879 | D:5      | Found a staircase to the Ecumenical Temple.
  6885 | Temple   | Entered the Ecumenical Temple
  6965 | Temple   | Became a worshipper of Makhleb the Destroyer
  7156 | D:6      | Reached skill level 3 in Stealth
  7248 | D:6      | Reached skill level 1 in Armour
  7357 | D:6      | Reached skill level 2 in Evocations
  7564 | D:6      | Reached skill level 4 in Stealth
  7564 | D:6      | Reached skill level 1 in Invocations
  7620 | D:6      | Learned a level 3 spell: Confuse
  7800 | D:6      | Reached skill level 1 in Hexes
  7898 | D:6      | Identified a +0 robe of resistance (You took it off an orc wizard on level 6 of the Dungeon)
  8038 | D:6      | Reached skill level 9 in Long Blades
  8038 | D:6      | Reached skill level 4 in Charms
  8201 | D:6      | Reached skill level 2 in Armour
  8326 | D:7      | Reached skill level 5 in Stealth
  8326 | D:7      | Reached skill level 2 in Hexes
  8364 | D:7      | HP: 5/55 [poisoned by a scorpion]
  8816 | D:7      | Reached skill level 2 in Invocations
  8914 | D:7      | Got a faintly glowing arbalest
  8915 | D:7      | Identified the +5 arbalest "Uraaworo" {freeze, +Inv rC+ MR-} (You found it on level 7 of the Dungeon)
  8934 | D:7      | Reached skill level 3 in Evocations
  8934 | D:7      | Reached XP level 9. HP: 50/61 MP: 10/12
  9128 | D:7      | Found a hazy altar of Hepliaklqana.
  9141 | D:7      | Fell from the grace of Makhleb
  9141 | D:7      | Became a worshipper of Hepliaklqana the Forgotten
  9421 | D:8      | Reached skill level 3 in Hexes
  9648 | D:8      | Reached skill level 6 in Stealth
  9698 | D:8      | Reached skill level 3 in Invocations
  9724 | D:8      | Reached skill level 4 in Hexes
  9957 | D:8      | Reached * piety under Hepliaklqana
 10018 | D:8      | Reached skill level 4 in Evocations
 10231 | D:8      | Reached skill level 5 in Hexes
 10475 | D:9      | Noticed a two-headed ogre
 10488 | D:9      | Reached skill level 10 in Long Blades
 10514 | D:9      | Slain by a two-headed ogre

Vanquished Creatures
  A hippogriff (D:8)
  Grinder (D:3)
  Sigmund (D:3)
  A spriggan (D:7)
  An orc warrior (D:6)
  Purgy (D:3)
  An ice beast (D:8)
  A black bear (D:8)
  A phantom (D:6)
  2 ogres
  A necrophage (D:8)
  5 centaurs
  3 bullfrogs
  3 scorpions
  3 killer bees (D:9)
  2 crimson imps (D:8)
  2 jellies
  3 hounds
  7 orc wizards
  Crazy Yiuf (D:2)
  3 iguanas
  Terence (D:3)
  Jessica (D:2)
  5 worker ants
  A hound skeleton (D:8)
  A howler monkey zombie (D:8)
  A worker ant zombie (D:7)
  A howler monkey skeleton (D:6)
  14 adders
  A gnoll (D:3)
  6 worms
  2 dart slugs
  6 leopard geckos
  17 orcs
  3 ball pythons
  5 bats
  7 giant cockroaches
  8 goblins
  5 hobgoblins
  4 jackals
  9 kobolds
  2 quokkas
  5 frilled lizards
  7 rats
156 creatures vanquished.

Vanquished Creatures (collateral kills)
  A sky beast (D:8)
  A black bear (D:8)
  A centaur (D:8)
  A bullfrog (D:9)
  A bullfrog skeleton (D:8)
  An orc (D:8)
6 creatures vanquished.

Vanquished Creatures (others)
  2 ancestors
  3 orcs
  A plant (D:9)
6 creatures vanquished.

Grand Total: 168 creatures vanquished
